 Dungeon Crawl Stone Soup version 0.26.1-11-gd32895ea62 (webtiles) character file.

Game seed: 11153464808280022707

252 Zeld the Slasher (level 6, 0/47 HPs)
             Began as a Human Gladiator on June 12, 2021.
             Slain by Grinder (5 damage)
             ... while paralysed by Grinder
             ... on level 3 of the Dungeon.
             The game lasted 00:04:27 (4902 turns).

Zeld the Slasher (Human Gladiator)                  Turns: 4902, Time: 00:04:27

Health: 0/47       AC:  4    Str: 16    XL:     6   Next: 36%
Magic:  6/6        EV:  2    Int:  9    God:
Gold:   141        SH:  0    Dex: 14    Spells: 5/5 levels left

rFire    . . .     SeeInvis .   a - +0 long sword
rCold    . . .     Faith    .   (no shield)
rNeg     . . .     Spirit   .   b - +0 leather armour
rPois    .         Reflect  .   c - +0 helmet
rElec    .         Harm     .   (no cloak)
rCorr    .         Rampage  .   (no gloves)
Will     .....                  (no boots)
Stlth    +.........             (no amulet)
HPRegen  0.15/turn              (no ring)
MPRegen  0.10/turn              (no ring)

@: paralysed
A: no striking features
a: no special abilities


You were on level 3 of the Dungeon.
You visited 1 branch of the dungeon, and saw 3 of its levels.

You collected 141 gold pieces.

Inventory:

Hand Weapons
 a - a +0 long sword (weapon)
Missiles
 e - 168 stones (quivered)
Armour
 b - a +0 leather armour (worn)
 c - a +0 helmet (worn)
Scrolls
 g - a scroll of random uselessness {unknown}
 h - a scroll of remove curse {unknown}
 j - 6 scrolls of identify {unknown}
 n - a scroll of teleportation {unknown}
 o - a scroll of magic mapping {unknown}
Potions
 f - 2 potions of heal wounds {unknown}
 i - a potion of attraction {unknown}
 k - 2 potions of curing
 l - a potion of haste {unknown}
 m - a potion of mutation {unknown}


   Skills:
 + Level 3.1 Fighting
 * Level 4.4 Long Blades
 * Level 3.9 Throwing
 + Level 3.8 Dodging


You had 5 spell levels left.
You didn't know any spells.
Your spell library was empty.

Dungeon Overview and Level Annotations

Branches:
Dungeon (3/15)

Altars:

Annotations:
D:3 Grinder


Message History

Grinder gestures at you. Pain shoots through your body!
A goblin comes into view. It is wielding a +0 spear.
Grinder says, "I used to sell toenails on the black market."
Grinder gestures at you. Pain shoots through your body!
A goblin comes into view. It is wielding a +0 spear.
Grinder gestures at you.
You suddenly lose the ability to move!
The goblin shouts!
You can move again.
Unknown command.
Grinder gestures at you.
You suddenly lose the ability to move!
Grinder hits you!
* * * LOW HITPOINT WARNING * * *
You writhe in agony.
* * * LOW HITPOINT WARNING * * *
Grinder hits you.
You die...

....# ##.##
#.# ##.##
### #.#
##'## #.#
#...## #.#
.....# # #.#
.....#
####.##.##
.....#
.≈g≈.....##
.†>..#
.≈≈≈....5.##
.....#
8.......@..#
.....#
.≈≈≈.......#
....)#
.≈g≈.......#
#...##
########..##
##'## ...#
#.# ....
##.# ...##
.#.## ##.##
†...##


You could see Grinder and 2 goblins.

Vanquished Creatures
  An orc wizard (D:3)
  Natasha (thrice) (D:1)
  5 adders
  An ooze (D:3)
  2 worms
  2 dart slugs
  2 leopard geckos (D:3)
  12 orcs (D:3)
  2 giant cockroaches
  13 goblins
  7 hobgoblins
  6 jackals
  7 bats
  4 frilled lizards
  8 kobolds
  3 rats
78 creatures vanquished.

Notes
Turn   | Place    | Note
-------+----------+-------------------------------------------
     0 | D:1      | Zeld the Human Gladiator began the quest for the Orb.
     0 | D:1      | Reached XP level 1. HP: 16/16 MP: 1/1
    97 | D:1      | Reached XP level 2. HP: 22/22 MP: 2/2
   773 | D:2      | Noticed Natasha
  1053 | D:1      | Reached XP level 3. HP: 21/27 MP: 3/3
  1331 | D:1      | Killed Natasha
  1436 | D:1      | Noticed Natasha
  1443 | D:1      | Killed Natasha
  1444 | D:1      | Reached XP level 4. HP: 23/34 MP: 4/4
  1780 | D:1      | Noticed Natasha
  1794 | D:1      | Killed Natasha
  2323 | D:2      | Reached XP level 5. HP: 39/39 MP: 5/5
  2909 | D:2      | Reached skill level 4 in Long Blades
  4005 | D:3      | Reached XP level 6. HP: 46/46 MP: 6/6
  4604 | D:3      | Noticed Grinder
  4892 | D:3      | Paralysed by Grinder for 4 turns
  4898 | D:3      | Paralysed by Grinder for 7 turns
  4902 | D:3      | Slain by Grinder

Illustrated notes

Levels and vault maps discovered:
D:1:      dpeg_arrival_arbitrary_c, layout_basic
D:2:      layout_basic, uniq_natasha
D:3:      layout_loops_corners, kennysheep_okawaru_gauntlet, uniq_grinder

Skill      XL: |  1  2  3  4  5  6 |
---------------+-------------------+-----
Throwing       | 3 |  3.9
Long Blades    | 4 |  4.4
Fighting       | 3 |  3.1
Dodging        | |  3.8

Action                   |  1- 3 |  4- 6 || total
-------------------------+-------+-------++-------
Melee: Long sword        |    43 |   219 ||   262
Throw: Throwing net      |     2 |    11 ||    13
 Stab: Held in net/web   |       |     3 ||     3
       Sleeping          |       |     2 ||     2
Armor: Leather armour    |    15 |    52 ||    67
Dodge: Dodged            |    36 |   160 ||   196
       Rpst.: Long sword |    11 |    47 ||    58
